 Dungeon Crawl Stone Soup version 0.23-a0-241-g3b46b07 (webtiles) character file.

146 galech the Shield-Bearer (level 5, -4/41 HPs)
             Began as a Demonspawn Fighter on Sept 26, 2018.
             Was an Initiate of Okawaru.
             Slain by a hornet zombie (5 damage)
             ... on level 3 of the Dungeon.
             The game lasted 00:04:43 (2028 turns).

galech the Shield-Bearer (Demonspawn Fighter)       Turns: 2028, Time: 00:04:43

Health: -4/41      AC:  9    Str: 16    XL:     5   Next: 7%
Magic:  5/5        EV:  4    Int: 10    God:    Okawaru [......]
Gold:   93         SH:  8    Dex: 16    Spells: 4/4 levels left

rFire    . . .     SeeInvis .   m - +2 hand axe (drain)
rCold    . . .     Gourm    +   c - +0 shield
rNeg     . . .     Faith    .   n - +0 chain mail
rPois    .         Spirit   .   (no helmet)
rElec    .         Reflect  .   (no cloak)
rCorr    .         Harm     .   h - +0 pair of gloves
MR       .....                  (no boots)
Stlth    ..........             j - amulet of the gourmand
HPRegen  0.13/turn              p - +3 ring of dexterity
MPRegen  0.09/turn              (no ring)

@: heavily drained
A: talons 2, powered by death 2
a: Renounce Religion


You were on level 3 of the Dungeon.
You worshipped Okawaru.
Okawaru was noncommittal.
You were completely stuffed.

You visited 1 branch of the dungeon, and saw 3 of its levels.

You collected 93 gold pieces.

Inventory:

Hand Weapons
 m - a +2 hand axe of draining (weapon)
Armour
 c - a +0 shield (worn)
 h - a +0 pair of gloves (worn)
 n - a +0 chain mail (worn)
Jewellery
 j - an amulet of the gourmand (around neck)
 p - a +3 ring of dexterity (left hand)
 q - an uncursed ring of ice
 t - an uncursed ring of fire
Scrolls
 e - a scroll of teleportation {unknown}
 g - 3 scrolls of identify {unknown}
 i - 3 scrolls of remove curse {unknown}
 k - a scroll of enchant armour {unknown}
 o - a scroll of amnesia {unknown}
Potions
 a - a potion of brilliance {unknown}
 b - 2 potions of agility {unknown}
 d - 4 potions of might
 l - a potion of curing {unknown}
 r - a potion of cancellation {unknown}
Comestibles
 f - 6 rations
 s - 4 chunks of flesh


   Skills:
 + Level 3.4(2.0) Fighting
 + Level 3.1(1.8) Axes
 + Level 3.4(2.0) Armour
 + Level 0.5(0.0) Dodging
 + Level 0.1(0.0) Stealth
 + Level 3.5(2.1) Shields


You had 4 spell levels left.
You didn't know any spells.
Your spell library was empty.

Dungeon Overview and Level Annotations

Branches:
Dungeon (3/15)

Altars:
Okawaru


Innate Abilities, Weirdness & Mutations

You have razor-sharp toenails.
You regenerate health from kills.


Message History

The hornet zombie is moderately damaged.
The hornet zombie hits you.
The hornet zombie hits you but does no damage.
You closely miss the hornet zombie. You claw the hornet zombie.
The hornet zombie is heavily damaged.
The hornet zombie hits you!
* * * LOW HITPOINT WARNING * * *
You hit the hornet zombie. Your kick misses the hornet zombie.
The hornet zombie is heavily damaged.
The hornet zombie hits you.
* * * LOW HITPOINT WARNING * * *
The hornet zombie hits you.
* * * LOW HITPOINT WARNING * * *
You hit the hornet zombie. Your kick misses the hornet zombie.
The hornet zombie is heavily damaged.
The hornet zombie hits you but does no damage. x2
You hit the hornet zombie but do no damage.
The hornet zombie is heavily damaged.
The hornet zombie hits you.
You die...

#### ....###
###############
......###/.............
.......).....^......###
..##............##.#
#.@#########.##.##
....$.Z.# #...<..##
##..#...# #.#......
##.....# #......##
#.#...# #######.##
#.#.... .....##.# #
#.#.# #.....# #.#.#
#.###.# #. #.#


You could see a hornet zombie.

Vanquished Creatures
  Jessica (D:2)
  Terence (D:1)
  3 gnolls
  A worm (D:3)
  2 dart slugs (D:1)
  A leopard gecko (D:1)
  A giant cockroach (D:1)
  12 goblins
  6 hobgoblins
  4 jackals (D:1)
  3 ball pythons
  3 bats
  7 frilled lizards
  9 kobolds
  5 rats
  A fungus (D:1)
60 creatures vanquished.

Notes
Turn   | Place    | Note
-------+----------+-------------------------------------------
     0 | D:1      | galech the Demonspawn Fighter began the quest for the Orb.
     0 | D:1      | Reached XP level 1. HP: 18/18 MP: 1/1
   213 | D:1      | Gained mutation: You regenerate a little health from kills.
                  | [demonic ancestry]
   213 | D:1      | Reached XP level 2. HP: 22/24 MP: 2/2
   554 | D:1      | Gained mutation: You have sharp toenails. [demonic
                  | ancestry]
   554 | D:1      | Reached XP level 3. HP: 29/29 MP: 3/3
  1074 | D:2      | Found an iron altar of Okawaru.
  1080 | D:2      | Became a worshipper of Warmaster Okawaru
  1161 | D:2      | Noticed Terence
  1214 | D:1      | Killed Terence
  1214 | D:1      | Gained mutation: You regenerate health from kills. [demonic
                  | ancestry]
  1214 | D:1      | Reached XP level 4. HP: 24/35 MP: 4/4
  1421 | D:2      | Noticed Jessica
  1432 | D:2      | Killed Jessica
  1767 | D:2      | Gained mutation: You have razor-sharp toenails. [demonic
                  | ancestry]
  1767 | D:2      | Reached XP level 5. HP: 41/41 MP: 5/5
  2026 | D:3      | HP: 1/41 [hornet zombie (4)]
  2028 | D:3      | Slain by a hornet zombie

Vault maps used:
D:1:      dpeg_cavernosity
D:2:      okawaru_ov_weapons_minmay, kennysheep_generic_room_5, uniq_jessica,
          uniq_terence
D:3:      grunt_dithmenos_smoke_and_mirrors, kennysheep_small_spiral

Skill      XL: |  1  2  3  4 |
---------------+-------------+-----
Axes           | 2 3 |  3.1
Armour         | 3 |  3.4
Shields        | 3 |  3.5
Fighting       | |  3.4
Dodging        | |  0.5
Stealth        | |  0.1

Action                   |  1- 3 |  4- 6 || total
-------------------------+-------+-------++-------
Melee: War axe           |   117 |       ||   117
       Kick              |    15 |    14 ||    29
       Hand axe          |       |    47 ||    47
  Eat: Chunk             |    11 |     3 ||    14
Armor: Scale mail        |    73 |       ||    73
       Chain mail        |       |    28 ||    28
Dodge: Dodged            |    34 |     4 ||    38
Block: Shield            |    54 |    16 ||    70

Table legend:
 A = Non-vault XP
 B = Vault XP
 C = Vault XP percentage of total XP
 D = Non-vault monster count
 E = Vault monster count
 F = Vault count percentage of total count
                 A         B        C        D         E       F
            +---------+---------+-------+---------+---------+-------
      Total |     126 |      83 |  39.7 |      51 |       8 |  13.6
            +---------+---------+-------+---------+---------+-------
        D:1 |      81 |      43 |  34.7 |      32 |       5 |  13.5
        D:2 |      34 |      40 |  54.1 |      14 |       3 |  17.6
        D:3 |      11 |       0 |   0.0 |       5 |       0 |   0.0
            +---------+---------+-------+---------+---------+-------
